AoeStats
← SlipspaceAmbassador

Arena

510338048Analyzed
1v1 RM · 19h ago on Sep 30, 2026· 58m 7s· 2 players
Game mode
Random Map
Map size
Tiny (2 player)
Population
200
Speed
Normal
Resources
Standard
Victory
Conquest
Starting age
Dark Age
Ending age
Imperial Age
RankedLock teamsTeams togetherTeam positionsShared explorationLock speedFull tech treeHidden civsTurbo modeCheats
Victory
Defeat
🇪🇸 Teutons · Spain
772
+15
🇺🇸 Magyars · United States
747
-15
SlipspaceAmbassador
2:29 Loom
11:34 Feudal Age
13:52 Wheelbarrow
13:06 Double-Bit Axe
18:59 Gold Mining
19:02 Stone Mining
19:05 Horse Collar
24:21 Castle Age
23:36 Bloodlines
23:48 Scale Barding Armor
26:03 Husbandry
25:25 Light Cavalry
31:26 Hand Cart
33:05 Chain Barding Armor
34:57 Fletching
39:37 Imperial Age
39:06 Heavy Plow
39:18 Bow Saw
39:53 Padded Archer Armor
39:49 Bodkin Arrow
40:14 Thumb Ring
40:22 Thumb Ring
39:54 Capped Ram
46:04 Hussar
50:43 Ballistics
49:48 Heavy Cavalry Archer
50:55 Parthian Tactics
53:27 Murder Holes
54:39 Masonry
sundrive22
11:20 Feudal Age
11:55 Double-Bit Axe
11:51 Horse Collar
14:19 Loom
19:45 Castle Age
20:26 Heavy Plow
20:39 Bow Saw
25:16 Stone Mining
33:55 Imperial Age
34:26 Wheelbarrow
33:38 Town Watch
36:00 Chemistry
35:21 Ballistics
36:04 Chemistry
35:35 Ironclad
36:05 Fletching
37:01 Crenellations
40:38 Crop Rotation
41:54 Bodkin Arrow
42:26 Conscription
52:46 Elite Teutonic Knight
53:53 Forging
53:44 Scale Mail Armor
54:52 Hand Cart
54:38 Town Patrol
56:17 Two-Man Saw
Connection lost

Rejoining the realm…

Still unreachable

The connection could not be restored.

Session expired

The server has moved on; the page needs a fresh start.